 Dungeon Crawl Stone Soup version 0.30.1-11-g7821555f0a (webtiles) character file.

Game seed: 1810641495416718762

191 monsoonserge the Cudgeller (level 5, -4/30 HPs)
             Began as a Tengu Reaver on Jan 9, 2024.
             Splashed by a jelly's acid (8 damage)
             ... on level 4 of the Dungeon.
             The game lasted 00:06:51 (2761 turns).

monsoonserge the Cudgeller (Tengu Reaver)           Turns: 2761, Time: 00:06:52

Health: -4/30      AC:  6    Str: 14    XL:     5   Next: 70%
Magic:  9/9        EV:  8    Int: 13    God:
Gold:   147        SH: 11    Dex: 13    Spells: 7/8 levels left

rFire   . . .        v - +0 flail
rCold   . . .        c - +0 tower shield
rNeg    + . .        q - +0 ring mail
rPois   .            (helmet restricted)
rElec   .            (no cloak)
rCorr   .            s - +0 pair of gloves
SInv    .            (boots unavailable)
Will    .....        (no amulet)
Stlth   +            p - ring of positive energy
HPRegen 0.25/turn    (no ring)
MPRegen 0.11/turn

%: no passive effects
@: flying quickly and evasively, quick
A: beak, talons 3, nimble flight
a: no special abilities


You were on level 4 of the Dungeon.
You visited 1 branch of the dungeon, and saw 5 of its levels.

You collected 147 gold pieces.

Inventory:

Hand Weapons
 a - a +0 mace
 t - a +0 war axe
 v - a +0 flail (weapon)
Missiles
 d - 6 javelins
Armour
 b - a +0 leather armour
 c - a +0 tower shield (worn)
 q - a +0 ring mail (worn)
 s - a +0 pair of gloves (worn)
Jewellery
 p - a ring of positive energy (left hand)
Wands
 r - a wand of roots (6)
 u - a wand of mindburst (20)
Scrolls
 e - 2 scrolls of vulnerability {unknown}
 f - 2 scrolls of teleportation {unknown}
 j - 5 scrolls of identify {unknown}
 k - 4 scrolls of noise {unknown}
 l - 2 scrolls of summoning {unknown}
 n - 3 scrolls of enchant armour {unknown}
 o - a scroll of immolation {unknown}
Potions
 g - 2 potions of attraction {unknown}
 h - a potion of heal wounds {unknown}
 i - a potion of curing
 m - a potion of flight {unknown}
 w - a potion of cancellation {unknown}


   Skills:
 + Level 2.2 Fighting
 + Level 4.7 Maces & Flails
 * Level 2.7 Armour
 + Level 2.9 Dodging
 + Level 1.6 Stealth
 * Level 1.7 Shields
 - Level 2.0 Spellcasting
 - Level 4.0 Conjurations


You had 7 spell levels left.
You knew the following spells:

 Your Spells              Type           Power      Damage    Failure   Level
a - Kiss of Death         Conj/Necr      24%        2d7       98%         1

Your spell library contained the following spells:

 Spells                   Type           Power      Damage    Failure   Level
 Momentum Strike          Conj/Tloc      12%        3d8       99%         2
 Hailstorm                Conj/Ice       6%         3d4       100%        3
 Volatile Blastmotes      Fire/Tloc      2%         2d10      100%        3
 Fulminant Prism          Conj/Hex       3%         3d5       100%        4
 Iskenderun's Mystic Bla  Conj/Tloc      6%         2d4       100%        4
 Lee's Rapid Deconstruct  Erth           0%         3d4*      100%        5


Dungeon Overview and Level Annotations

Branches:
Dungeon (5/15)
 Temple: D:4-7

Altars:
Wu Jian
Yredelemnul


Innate Abilities, Weirdness & Mutations

You have a beak for a mouth.
You have claws for feet.
Your magical nature lets you fly swiftly and evasively.


Message History

HP restored.
You fly downwards.
The jelly misses you. You block the jelly's attack.
There is a stone staircase leading up here.
You sock the jelly!
Your hands burn!
Your kick misses the jelly.
The jelly is moderately wounded.
The jelly hits you but does no damage.
You sock the jelly! The acid corrodes you!
Your hands burn!
You claw the jelly.
The jelly is heavily wounded.
The jelly hits you. The acid corrodes you!
You are splashed with acid!
You block the jelly's attack.
You hit the jelly but do no damage.
Your hands burn!
The jelly is heavily wounded.
The jelly closely misses you. The jelly hits you.
You are splashed with acid!
* * * LOW HITPOINT WARNING * * *
There is an open door here.
There is an open door here.
There is an open door here.
You reach down and close the door.
You hear a slurping noise.
The jelly eats the door!
There is an open door here.
You hear a distant slurping noise.
An endoplasm comes into view.
The endoplasm quivers.
You thump the endoplasm!
You kill the endoplasm!
You are no longer corroded.
You hit the jelly.
Your hands burn!
* * * LOW HITPOINT WARNING * * *
You peck the jelly.
The jelly is severely wounded.
The jelly hits you but does no damage.
You hit the jelly.
Your hands burn!
* * * LOW HITPOINT WARNING * * *
You peck the jelly.
The jelly is severely wounded.
You block the jelly's attack. The jelly hits you.
* * * LOW HITPOINT WARNING * * *
You are splashed with acid!
You die...

#...#.#...#'#.#####.##..#
#..>..#..J#.....###.##.##
###.....##'##.....'...##.#
#..........##.....###J##.#
#...(.<....##.#.### #.##.#
..#####.>#....#.+.###.##.#
..### ##.########.....#..#
....# #.# ##..####.##
#.#.## #.# #@J.# #..#
#.#..###.# #####.#####.##
#.##.....###⌠##⌠.⌠##⌠###
...####..##...##.##...##
<..# #..#_..........._#
...# ##.##...##⌠##...##
...# #####⌠#######⌠## ...#
### ### ####


You could see a jelly.

Vanquished Creatures
  A howler monkey (D:4)
  A jelly (D:4)
  A hound (D:4)
  3 adders
  A worm (D:3)
  A dart slug (D:2)
  6 ball pythons
  7 endoplasms
  3 giant cockroaches
  6 hobgoblins
  2 quokkas (D:3)
  4 bats
  A frilled lizard (D:1)
  3 goblins
  4 kobolds
  7 rats
51 creatures vanquished.

Notes
Turn   | Place    | Note
-------+----------+-------------------------------------------
     0 | D:1      | monsoonserge the Tengu Reaver began the quest for the Orb.
     0 | D:1      | Reached XP level 1. HP: 12/12 MP: 4/4
   143 | D:1      | Reached XP level 2. HP: 12/17 MP: 6/6
  1207 | D:2      | Reached XP level 3. HP: 21/21 MP: 7/7
  1428 | D:2      | Reached skill level 1 in Armour
  2021 | D:3      | Reached skill level 1 in Shields
  2021 | D:3      | Reached XP level 4. HP: 20/26 MP: 8/8
  2303 | D:4      | Found an ornate altar of the Wu Jian Council.
  2303 | D:4      | Found a basalt altar of Yredelemnul.
  2451 | D:4      | Noticed an ogre
  2455 | D:4      | Reached skill level 1 in Stealth
  2455 | D:4      | Gained mutation: Your magical nature lets you fly swiftly
                  | and evasively. [Tengu growth]
  2455 | D:4      | Reached XP level 5. HP: 24/30 MP: 9/9
  2608 | D:5      | Entered Level 5 of the Dungeon
  2731 | D:4      | HP: 1/30 [acid (11)]
  2761 | D:4      | Splashed by a jelly's acid

Illustrated notes

Levels and vault maps discovered:
D:1:      scummos_arrival_forest, layout_loops_corners
D:2:      layout_loops_cross
D:3:      layout_basic
D:4:      nicolae_cairo_tiling_large, layout_rooms,
          amethyst_overflow_temple_binary, minmay_temple_entry_poolview
D:5:      layout_loops_ring, trog_hazing_becter

Skill      XL: |  1  2  3  4 |
---------------+-------------+-----
Armour         | 1 2 |  2.7
Maces & Flails | 4 |  4.7
Shields        | 1 |  1.7
Stealth        | 1 |  1.6
Fighting       | |  2.2
Dodging        | |  2.9
Spellcasting   | |  2.0
Conjurations   | |  4.0

Action                     |  1- 3 |  4- 6 || total
---------------------------+-------+-------++-------
  Melee: Mace              |   105 |       ||   105
         Kick              |    28 |    15 ||    43
         Peck              |    15 |     9 ||    24
         Punch             |     1 |       ||     1
         War axe           |     3 |     4 ||     7
         Flail             |       |    39 ||    39
    Use: Potion            |       |     1 ||     1
 Armour: Leather armour    |    26 |       ||    26
         Ring mail         |    14 |    21 ||    35
  Dodge: Dodged            |    26 |    15 ||    41
  Block: Tower shield      |    61 |    32 ||    93
